 Dungeon Crawl Stone Soup version 0.16-a0-4112-g89a4107 (webtiles) character file.

96357 Psiweapon the Champion of Chaos (level 16, -1/167 HPs)
             Began as an Ogre Hunter on Feb 23, 2015.
             Was the Champion of Makhleb.
             Shot with a bolt of frost by an orc knight (6 damage)
             ... on level 4 of the Orcish Mines on Feb 27, 2015.
             The game lasted 03:10:14 (30220 turns).

Psiweapon the Champion of Chaos (Ogre Hunter)      Turns: 30220, Time: 03:10:15

Health: -1/167     AC: 14    Str: 23    XL:     16   Next: 16%
Magic:  28/28      EV: 14    Int: 11    God:    Makhleb [******]
Gold:   2949       SH:  0    Dex: 12    Spells: 2 memorised, 10 levels left

rFire  + . .     SeeInvis .     R - +3 giant spiked club (flame)
rCold  . . .     Clarity  .     x - +1 mottled dragon armour
rNeg   . . .     SustAb   .     (shield restricted)
rPois  +         Gourm    .     (helmet restricted)
rElec  .         Spirit   .     i - +2 cloak
rCorr  .         Warding  .     (gloves unavailable)
rMut   .         Stasis   .     (boots unavailable)
MR     +....                    D - amulet of regeneration
Stlth  +.........               o - +3 ring of slaying
                                s - ring of poison resistance (curse)

@: somewhat resistant to hostile enchantments, very unstealthy
A: unfitting armour, fire resistance 1, low mp 1, tough skin 1, wild magic 1,
MP-powered wands 1
a: Minor Destruction, Lesser Servant of Makhleb, Major Destruction, Greater
Servant of Makhleb, Renounce Religion


You were on level 4 of the Orcish Mines.
You worshipped Makhleb.
Makhleb was exalted by your worship.
You were not hungry.

You visited 4 branches of the dungeon, and saw 28 of its levels.
You also visited: Sewer.

You collected 3061 gold pieces.
You spent 112 gold pieces at shops.

Inventory:

Hand weapons
 a - a +0 blowgun
 G - the +4 whip of Threunuji {antimagic, Noisy +Inv rElec Int+2}
   (You found it on level 1 of the Lair of Beasts)

   It disrupts the flow of magical energy around spellcasters and certain
   magical creatures (including the wielder).
   It affects your intelligence (+2).
   It insulates you from electricity.
   It lets you turn invisible.
   It may make noises in combat.
 L - a +4 whip of electrocution
 R - a +3 giant spiked club of flaming (weapon)
Missiles
 b - 19 large rocks (quivered)
 c - 7 throwing nets
 q - 14 curare-tipped needles
 C - 56 tomahawks
 O - 4 tomahawks of returning
 U - 4 javelins
Armour
 d - a +4 troll leather armour
 i - a +2 cloak (worn)
 x - a +1 mottled dragon armour (worn)
Jewellery
 e - an uncursed ring of protection from fire
 o - a +3 ring of slaying (right hand)
 s - a cursed ring of poison resistance (left hand)
 D - an amulet of regeneration (around neck)
 J - an uncursed ring of protection from cold
 P - a cursed amulet of clarity
Magical devices
 f - a wand of confusion (33)
 h - a wand of paralysis (20)
 j - a wand of enslavement (15)
 n - a wand of lightning (2)
 r - a wand of digging (13)
 v - a wand of fire (2)
 w - a wand of fireball (6)
 V - a wand of teleportation (3)
 W - a wand of disintegration (8)
Scrolls
 g - 3 scrolls of blinking
 m - 14 scrolls of remove curse
 t - 4 scrolls of fog
 y - 2 scrolls of fear
 A - 3 scrolls of magic mapping
 I - 5 scrolls of teleportation
Potions
 k - 2 potions of resistance
 l - a potion of ambrosia
 u - a potion of agility
 z - a potion of might
 F - 2 potions of restore abilities
 H - 5 potions of flight
 M - a potion of haste
 N - a potion of invisibility
 S - 7 potions of curing
 Y - 4 potions of cancellation
Miscellaneous
 E - a lamp of fire
 K - a disc of storms
Comestibles
 p - 4 chunks of flesh
 B - 13 bread rations
 Q - a beef jerky
 X - 22 fruits
 Z - 5 meat rations


   Skills:
 + Level 12.8 Fighting
 - Level 14.9 Maces & Flails
 - Level 10.0 Throwing
 - Level 10.0 Armour
 - Level 10.0 Dodging
 - Level 0.7 Stealth
 - Level 1.4 Air Magic
 - Level 15.0 Invocations
 + Level 7.7 Evocations


You had 10 spell levels left.
You knew the following spells:

 Your Spells              Type           Power        Failure   Level  Hunger
a - Flight                Chrm/Air       #.........   95%         3    ####...
b - Stoneskin             Trmt/Erth      #.......     80%         2    ###....


Dungeon Overview and Level Annotations

Branches:
Dungeon (15/15)            Temple (1/1) D:4            Lair (8/8) D:10
  Swamp (0/5) Lair:4       Spider (0/5) Lair:4        Slime (0/6) Lair:7
    Orc (4/4) D:12            Elf (0/3) Orc:4        Vaults (0/5) D:13
 Depths (0/5) D:15

Altars:
Elyvilon
Fedhas
Gozag
Kikubaaqudgha
Makhleb
Qazlal
Ru
Sif Muna
Yredelemnul
Zin
The Shining One
Beogh

Shops:
Orc:3 (   Orc:4 (:?%

Portals:
Hell: Lair:8
Trove: D:15 (give wand of hasting (8))

Annotations:
Orc:2 exclusion: door


Innate Abilities, Weirdness & Mutations

You are too large for most types of armour.
You have tough skin (AC +1).
Your flesh is heat resistant.
Your magical capacity is low (-10% MP).
Your spells are a little harder to cast, but a little more powerful.
You expend magic power (3 MP) to slightly strengthen your wands.


Message History

Unknown command.
Drink which item? (? for menu, Esc to quit)
Okay, then.
Use which ability? (? or * to list)
A demon appears!
You feel slightly more hungry.
The orc knight roars a battlecry!
The orc warrior goes into a battle-frenzy!
The orc knight hits you with an uncursed great sword!
* * * LOW HITPOINT WARNING * * *
The orc warrior closely misses you.
There is an open door here.
The orc knight roars a battlecry!
The orc warrior goes into a battle-frenzy!
Your hellwing closely misses the orc knight. x2
The orc knight unwields an uncursed great sword.
The orc knight wields an uncursed arbalest.
The orc knight shoots a bolt of frost.
The bolt of frost hits you!!
* * * LOW HITPOINT WARNING * * *
The bolt of frost freezes you.
You die... ##....))......###.## ##...[))......# ## ..............# .....[.....##... ## ....[####### ### $$### .....#.....# #####o).$$## .....#.....# #4ooo)).$$$$

.....'..⌠..# #.###...$$##
.....#.....#####@# $$###
###..#.....#...#.# ##
########'###...#.#
.'..)[)[[[)[)_.'.########
.##'###'##.#...###..≈§§≈##
.#...#...#.#...#.)..≈§§§≈##
##../#...#.##'##.#..≈≈≈≈≈§§#
#∩..#..∩#....)..#######≈≈§≈
################# ##


You could see an orc knight and a friendly hellwing.

Vanquished Creatures
  Rupert (Lair:8)
  A fire giant (D:15)
  An orc warlord (Orc:4)
  The ghost of Qrupt the Destroyer, a powerful DsVM of Qazlal (Orc:4)
  Azrael (D:15)
  2 dire elephants (Lair:8)
  Snorg (Lair:5)
  5 hydras
  Fannar (Orc:3)
  Harold (D:14)
  Nessos (D:12)
  2 centaur warriors (D:13)
  Erica (D:10)
  A hell beast (Lair:8)
  2 dancing weapons (D:13)
  A death yak (Lair:7)
  A tengu warrior (D:13)
  6 orc high priests (Orc:4)
  Urug (D:10)
  Nergalle (Lair:5)
  A catoblepas (Lair:5)
  Erolcha (D:12)
  A wizard (Lair:8)
  2 unseen horrors
  Pikel (D:7)
  4 orc sorcerers (Orc:4)
  6 ugly things
  5 hill giants
  An orb spider (Lair:4)
  3 orc knights
  A griffon (Lair:8)
  A manticore (D:13)
  4 cyclopes
  16 elephants
  A centaur zombie (D:11)
  Maurice (Orc:3)
  6 black mambas
  Joseph (D:8)
  An orange crystal statue (D:13)
  A gargoyle (D:13)
  2 orange demons (Lair:8)
  18 spiny frogs
  2 fire drakes
  A tengu conjurer (D:13)
  2 kobold demonologists
  8 komodo dragons
  A queen bee (shapeshifter) (D:14)
  10 trolls
  2 red devils (Lair:8)
  A freezing wraith (D:14)
  A boulder beetle (Lair:7)
  6 two-headed ogres
  5 polar bears
  Prince Ribbit (D:8)
  21 blink frogs
  A troll (shapeshifter) (D:9)
  A hornet zombie (D:14)
  A raven (D:13)
  A trapdoor spider zombie (D:8)
  2 vampires
  33 yaks
  2 deep elf magi
  A wyvern (Lair:7)
  3 fire elementals
  A basilisk (Lair:7)
  A wraith (D:12)
  10 hippogriffs
  Eustachio (D:8)
  Grum (D:12)
  2 hungry ghosts
  21 wolves
  4 wargs
  Edmund (D:8)
  3 hell hounds (D:15)
  Menkaure (D:7)
  8 porcupines
  A soldier ant (D:14)
  2 mottled dragons
  33 orc warriors
  15 water moccasins
  2 necrophages
  15 ogres
  A black bear (Lair:4)
  3 eyes of draining
  An ice beast (D:10)
  4 sky beasts
  3 phantoms
  2 wasps
  3 boggarts (D:14)
  6 centaurs
  3 boring beetles
  17 crocodiles
  21 giant frogs
  2 big kobolds (D:14)
  9 scorpions
  4 killer bees (D:7)
  2 jellies
  7 crimson imps
  A quasit (D:9)
  A goliath beetle (D:8)
  A wasp zombie (D:11)
  13 wights
  31 orc priests
  3 giant frog skeletons
  2 giant frog zombies (D:12)
  10 centaur skeletons
  11 hounds
  16 iguanas
  Natasha (D:4)
  24 orc wizards
  2 hell rats (Lair:3)
  21 sheep
  9 worker ants
  2 mummies
  4 gnolls (D:11)
  19 adders
  80 river rats
  3 shadow imps
  A white imp (D:14)
  4 worms
  8 giant mites
  2 adder skeletons
  An adder zombie (D:6)
  10 giant geckos
  3 oozes
  262 orcs
  2 bat skeletons
  A bat zombie (D:7)
  6 giant cockroaches
  25 goblins
  18 hobgoblins
  15 jackals
  6 ball pythons
  21 bats
  A giant gecko zombie (D:5)
  8 giant newts
  3 giant spores
  23 kobolds
  13 quokkas
  15 rats
  9 ballistomycetes
  A bush (Lair:5)
  2 fungi
  A plant (D:10)
1141 creatures vanquished.

Vanquished Creatures (collateral kills)
  3 elephants (Lair:7)
  A komodo dragon (Lair:8)
  A hellwing (Lair:8)
  3 blue devils (Lair:8)
  A blink frog (Lair:7)
  A neqoxec (Lair:8)
  A big kobold (D:7)
  An orc wizard (Orc:3)
  An ufetubus (Lair:8)
  An orc (Orc:3)
  4 kobolds (D:7)
18 creatures vanquished.

Vanquished Creatures (others)
  2 smoke demons (Lair:8)
  A neqoxec (Lair:8)
  2 slaves (D:7)
  An orc warrior (D:10)
  An orc priest (D:10)
  An orc wizard (Orc:4)
  An iguana (D:10)
  An orc (D:13)
  5 jackals
  2 giant spores
  2 rats (D:10)
  6 fungi
  2 plants (Lair:8)
27 creatures vanquished.

Grand Total: 1186 creatures vanquished

Notes
Turn   | Place    | Note
--------------------------------------------------------------
     0 | D:1      | Psiweapon, the Ogre Hunter, began the quest for the Orb.
     0 | D:1      | Reached XP level 1. HP: 22/22 MP: 1/1
   302 | D:1      | Reached skill level 1 in Maces & Flails
   508 | D:1      | Reached XP level 2. HP: 31/31 MP: 2/2
  1283 | D:1      | Reached XP level 3. HP: 28/39 MP: 3/3
  2142 | D:2      | Reached XP level 4. HP: 44/48 MP: 4/4
  2993 | D:3      | Found a sacrificial altar of Ru.
  3027 | D:3      | Reached skill level 5 in Fighting
  3027 | D:3      | Reached XP level 5. HP: 55/57 MP: 5/5
  3462 | D:4      | Noticed Natasha
  3865 | D:4      | Killed Natasha
  3915 | D:4      | Found a staircase to the Ecumenical Temple.
  3931 | Temple   | Entered the Ecumenical Temple
  3946 | Temple   | Became a worshipper of Makhleb the Destroyer
  3973 | D:4      | Reached skill level 5 in Maces & Flails
  3973 | D:4      | Reached XP level 6. HP: 67/67 MP: 6/6
  4238 | D:5      | Entered Level 5 of the Dungeon
  4238 | D:5      | Found an opulent altar of Gozag.
  4241 | D:5      | Found an ancient bone altar of Kikubaaqudgha.
  4242 | D:5      | Found a basalt altar of Yredelemnul.
  4261 | D:5      | Reached skill level 6 in Fighting
  4343 | D:5      | Found a glowing drain.
  4371 | Sewer    | Entered a sewer
  4425 | Sewer    | Acquired Makhleb's first power
  4656 | Sewer    | Reached skill level 7 in Fighting
  4656 | Sewer    | Reached XP level 7. HP: 17/78 MP: 7/7
  4926 | D:5      | Acquired Makhleb's second power
  5001 | D:5      | Reached skill level 5 in Throwing
  5109 | D:5      | Reached skill level 8 in Fighting
  5158 | D:5      | Reached XP level 8. HP: 89/89 MP: 8/8
  5341 | D:5      | Reached skill level 9 in Fighting
  6030 | D:6      | Found a white marble altar of Elyvilon.
  6282 | D:6      | Reached skill level 1 in Invocations
  6579 | D:6      | Acquired Makhleb's third power
  6699 | D:7      | Noticed Pikel
  6704 | D:7      | Killed Pikel
  6704 | D:7      | Reached skill level 10 in Fighting
  6704 | D:7      | Reached XP level 9. HP: 75/102 MP: 11/16
  6779 | D:7      | Noticed Menkaure
  6780 | D:7      | Killed Menkaure
  6920 | D:7      | Reached skill level 5 in Invocations
  6926 | D:7      | Reached skill level 11 in Fighting
  6964 | D:7      | Found a glowing silver altar of Zin.
  6964 | D:7      | Found a blossoming altar of Fedhas.
  7019 | D:7      | Found a white marble altar of Elyvilon.
  7385 | D:7      | You fall through a shaft for 2 floors!
  7481 | D:8      | Noticed Edmund
  7487 | D:8      | Killed Edmund
  7593 | D:8      | Noticed Eustachio
  7599 | D:8      | Killed Eustachio
  7855 | D:8      | Noticed Joseph
  7863 | D:8      | Killed Joseph
  7947 | D:8      | Noticed Prince Ribbit
  7970 | D:8      | Killed Prince Ribbit
  8029 | D:8      | Acquired Makhleb's fourth power
  8527 | D:7      | Reached XP level 10. HP: 85/113 MP: 21/21
  9007 | D:8      | Reached skill level 10 in Maces & Flails
  9477 | D:9      | Learned a level 3 spell: Flight
  9591 | D:9      | Gained mutation: You expend magic power (3 MP) to slightly strengthen your wands. [mutagenic meat]
  9592 | D:9      | Gained mutation: You are resistant to hostile enchantments. [mutagenic meat]
  9593 | D:9      | Gained mutation: Your flesh is heat resistant. [mutagenic meat]
  9594 | D:9      | Gained mutation: You tend to lose your temper in combat. [mutagenic meat]
  9646 | D:10     | Entered Level 10 of the Dungeon
  9651 | D:10     | Found a staircase to the Lair.
  9678 | Lair:1   | Entered Level 1 of the Lair of Beasts
  9684 | Lair:1   | Reached skill level 1 in Evocations
  9693 | Lair:1   | Got an iridescent whip
  9695 | Lair:1   | Identified the +4 whip of Threunuji {antimagic, Noisy +Inv rElec Int+2} (You found it on level 1 of the Lair of Beasts)
  9736 | Lair:1   | Reached skill level 1 in Air Magic
  9736 | Lair:1   | Reached skill level 10 in Invocations
  9759 | Lair:1   | Reached XP level 11. HP: 120/120 MP: 18/25
 10355 | Lair:1   | Reached skill level 12 in Maces & Flails
 10420 | Lair:2   | Reached skill level 1 in Armour
 10631 | Lair:2   | Acquired Makhleb's fifth power
 11661 | Lair:3   | Reached skill level 5 in Dodging
 12595 | Lair:4   | Found a staircase to the Swamp.
 12642 | Lair:4   | Reached skill level 5 in Armour
 12695 | Lair:4   | Reached XP level 12. HP: 65/130 MP: 25/25
 12859 | Lair:4   | Noticed a six-headed hydra
 12864 | Lair:4   | Killed a six-headed hydra
 13029 | Lair:4   | Found a hole to the Spider Nest.
 13029 | Lair:4   | Noticed an orb spider
 13036 | Lair:4   | Killed an orb spider
 13869 | Lair:5   | Noticed Nergalle
 13875 | Lair:5   | Killed Nergalle
 14220 | Lair:5   | Noticed Snorg
 14263 | Lair:5   | Killed Snorg
 14410 | Lair:5   | Noticed a six-headed hydra
 14419 | Lair:5   | Killed a six-headed hydra
 14710 | Lair:5   | Reached XP level 13. HP: 137/137 MP: 27/27
 14895 | Lair:5   | Noticed a four-headed hydra
 14900 | Lair:5   | Killed a four-headed hydra
 16101 | Lair:7   | Reached skill level 10 in Dodging
 16392 | Lair:7   | Found a staircase to the Slime Pits.
 17375 | Lair:8   | Entered Level 8 of the Lair of Beasts
 17522 | Lair:8   | Reached skill level 10 in Armour
 17522 | Lair:8   | Reached skill level 5 in Evocations
 17843 | Lair:8   | Reached XP level 14. HP: 146/146 MP: 28/28
 17989 | Lair:8   | Noticed Rupert
 18005 | Lair:8   | Killed Rupert
 18437 | Lair:8   | Noticed a dire elephant
 18448 | Lair:8   | Killed a dire elephant
 18648 | Lair:8   | Found a burning altar of Makhleb.
 18952 | Lair:8   | Noticed a dire elephant
 18963 | Lair:8   | Killed a dire elephant
 18998 | Lair:8   | Upgraded the game from 0.16-a0-4088-g7c8221e to 0.16-a0-4092-gb8933cd
 19023 | Lair:8   | Found a gateway to Hell.
 19389 | D:10     | Noticed Urug
 19393 | D:10     | Noticed Erica
 19397 | D:10     | Killed Urug
 19399 | D:10     | Killed Erica
 19978 | D:10     | Learned a level 2 spell: Stoneskin
 20066 | D:10     | Noticed a hill giant
 20071 | D:10     | Killed a hill giant
 20568 | D:11     | Reached skill level 10 in Throwing
 20568 | D:11     | Reached skill level 13 in Invocations
 21290 | D:12     | Noticed Erolcha
 21294 | D:12     | Killed Erolcha
 21303 | D:12     | Lost mutation: You expend magic power (3 MP) to slightly strengthen your wands. [potion of cure mutation]
 21303 | D:12     | Lost mutation: You are resistant to hostile enchantments. [potion of cure mutation]
 21303 | D:12     | Lost mutation: You tend to lose your temper in combat. [potion of cure mutation]
 21335 | D:12     | Noticed Nessos
 21344 | D:12     | Killed Nessos
 21743 | D:12     | Noticed Grum
 21751 | D:12     | Killed Grum
 21833 | D:12     | Found a staircase to the Orcish Mines.
 21867 | D:12     | Reached XP level 15. HP: 153/153 MP: 31/31
 22483 | D:12     | Upgraded the game from 0.16-a0-4092-gb8933cd to 0.16-a0-4097-gb4d75fa
 22525 | D:13     | Gained mutation: Your mind is acute. (Int +2) [mutagenic meat]
 22526 | D:13     | Gained mutation: Your spells are a little easier to cast, but a little less powerful. [mutagenic meat]
 22571 | D:13     | Found a gate to the Vaults.
 23192 | D:13     | Reached skill level 14 in Invocations
 23662 | D:14     | Noticed Harold
 23667 | D:14     | Killed Harold
 24349 | D:14     | Lost mutation: Your spells are a little easier to cast, but a little less powerful. [mutagenic meat]
 24923 | D:15     | Entered Level 15 of the Dungeon
 24941 | D:15     | Noticed Azrael
 24957 | D:15     | Killed Azrael
 25023 | D:15     | Found a portal to a secret trove of treasure.
 25217 | D:15     | Found a staircase to the Depths.
 25217 | D:15     | Noticed a fire giant
 25228 | D:15     | Killed a fire giant
 25363 | D:15     | Gained mutation: Your spells are a little harder to cast, but a little more powerful. [mutagenic meat]
 25364 | D:15     | Lost mutation: Your mind is acute. (Int +2) [mutagenic meat]
 25365 | D:15     | Gained mutation: Your magical capacity is low (-10% MP). [mutagenic meat]
 25367 | D:15     | Gained mutation: You expend magic power (3 MP) to slightly strengthen your wands. [mutagenic meat]
 25821 | Orc:1    | Entered Level 1 of the Orcish Mines
 27152 | Orc:3    | Noticed Maurice
 27156 | Orc:3    | Killed Maurice
 27274 | Orc:3    | Found Bateosej's Antique Weapon Boutique.
 27444 | Orc:3    | Found a roughly hewn altar of Beogh.
 27482 | Orc:3    | Noticed Fannar
 27488 | Orc:3    | Killed Fannar
 27739 | Orc:2    | Reached skill level 15 in Invocations
 27777 | Orc:4    | Entered Level 4 of the Orcish Mines
 28160 | Orc:4    | Found a roughly hewn altar of Beogh.
 28213 | Orc:4    | Found Kli Stughytz's Food Boutique.
 28216 | Orc:4    | Found Susal's Magic Scroll Shop.
 28223 | Orc:4    | Bought a scroll of enchant armour for 112 gold pieces
 28395 | Orc:4    | Noticed Qrupt's ghost (powerful DsVM)
 28401 | Orc:4    | Killed Qrupt's ghost
 28637 | Orc:4    | Found a staircase to the Elven Halls.
 29006 | Orc:4    | Reached XP level 16. HP: 138/165 MP: 28/28
 29146 | Orc:4    | Upgraded the game from 0.16-a0-4097-gb4d75fa to 0.16-a0-4108-g6e49b0d
 29199 | Orc:4    | Found Ipsopluk's Weapon Shop.
 29278 | Orc:4    | Found a roughly hewn altar of Beogh.
 29444 | Orc:4    | Found Twa Busa's Book Boutique.
 29530 | Orc:1    | Upgraded the game from 0.16-a0-4108-g6e49b0d to 0.16-a0-4112-g89a4107
 30220 | Orc:4    | HP: 5/167 [orc knight/bolt of frost (18)]
 30220 | Orc:4    | Shot with a bolt of frost by an orc knight

Action                   |  1- 3 |  4- 6 |  7- 9 | 10-12 | 13-15 | 16-18 || total
-------------------------+-------+-------+-------+-------+-------+-------++-------
Melee: Mace              |   137 |   215 |   203 |       |       |       ||   555
       Dire flail        |       |       |    42 |   423 |   407 |       ||   872
       Whip              |       |       |    42 |    60 |   177 |       ||   279
       Giant spiked club |       |       |       |       |   489 |    82 ||   571
 Fire: Blowgun           |       |       |       |     7 |     2 |       ||     9
Throw: Large rock        |     7 |     9 |    19 |    13 |    37 |     6 ||    91
       Stone             |       |    61 |    17 |       |       |       ||    78
       Javelin           |       |     8 |    40 |    37 |   169 |       ||   254
       Tomahawk          |       |       |    30 |       |   101 |       ||   131
       Throwing net      |       |       |     1 |       |       |       ||     1
 Cast: Flight            |       |       |       |     1 |       |       ||     1
Invok: Minor Destruction |       |       |    22 |    25 |   188 |    14 ||   249
       Major Destruction |       |       |       |    60 |   194 |    24 ||   278
       Lesser Servant of |       |       |       |       |    12 |     1 ||    13
Evoke: Wand              |       |       |     6 |       |     4 |       ||    10
       Lamp of fire      |       |       |     1 |     1 |     4 |       ||     6
       Disc of storms    |       |       |       |       |    19 |     4 ||    23
  Use: Scroll            |       |       |     3 |    19 |    26 |     1 ||    49
       Potion            |       |       |     2 |     6 |     7 |       ||    15
 Stab: Held in net/web   |       |       |     1 |       |       |       ||     1
       Sleeping          |       |       |       |     5 |       |       ||     5
       Distracted        |       |       |       |     1 |     3 |       ||     4
  Eat: Chunk             |     1 |     6 |    14 |    41 |    96 |     5 ||   163
       Meat ration       |     1 |       |       |       |       |       ||     1
       Beef jerky        |       |       |     1 |       |       |       ||     1
       Bread ration      |       |       |       |       |     3 |       ||     3
